 Dungeon Crawl Stone Soup version 0.30.0-5-g1a98f26d00 (webtiles) character file.

Game seed: 2923742055620986843

14454 gelatine the Arsonist (level 11, -6/80 HPs)
             Began as a Demonspawn Fire Elementalist on May 9, 2023.
             Was a High Priest of Vehumet.
             Engulfed by a cloud of freezing vapour (19 damage)
             ... in an ice cave.
             The game lasted 00:41:37 (14760 turns).

gelatine the Arsonist (DsFE)                       Turns: 14760, Time: 00:41:37

Health: -6/80      AC: 19    Str:  8    XL:     11   Next: 88%
Magic:  5/23       EV: 19    Int: 26    God:    Vehumet [*****.]
Gold:   1069       SH:  4    Dex: 15    Spells: 4/27 levels left

rFire   . . .        E - +12 dagger "Siyvis" {flame, Int+6}
rCold   . . .        (no shield)
rNeg    . . .        x - +2 robe {Archmagi}
rPois   .            r - +2 helmet
rElec   +            G - +1 cloak
rCorr   .            l - +0 pair of gloves
SInv    .            C - +2 pair of boots of the Spheres {rElec}
Will    +....        (no amulet)
Stlth   +++          v - +4 ring of protection
HPRegen 0.33/turn    d - +5 ring of evasion
MPRegen 0.18/turn

%: clarity, archmagi
@: studying 2 skills
A: yellow scales 1, spiny 1, condensation shield, demonic touch 2, hooves 1,
clarity, strong-willed 1
a: Renounce Religion


You were in an ice cave.
You worshipped Vehumet.
Vehumet was extremely pleased with you.
You visited 3 branches of the dungeon, and saw 13 of its levels.
You also visited: Ice Cave.

You collected 1127 gold pieces.
You spent 58 gold pieces at shops.

Inventory:

Hand Weapons
 q - a +2 rapier
 E - the +12 dagger "Siyvis" (weapon) {flame, Int+6}
   (You found it on level 9 of the Dungeon)

   Int:       It affects your intelligence (+6).
 J - a +1 rapier of venom
 N - a +2 short sword of freezing
Missiles
 y - 4 datura-tipped darts
 M - 4 silver javelins
Armour
 c - a +1 tower shield of cold resistance
 l - a +0 pair of gloves (worn)
 r - a +2 helmet (worn)
 t - a +1 hat
 x - a +2 robe of the Archmagi (worn)
 C - the +2 pair of boots of the Spheres (worn) {rElec}
   (You found it on level 7 of the Dungeon)

   rElec:     It insulates you from electricity.
 G - a +1 cloak (worn)
Jewellery
 d - a +5 ring of evasion (right hand)
 v - a +4 ring of protection (left hand)
 L - a +6 ring of strength
Wands
 s - a wand of flame (36)
 F - a wand of polymorph (9)
Scrolls
 a - a scroll of identify
 e - a scroll of fog
 g - 2 scrolls of noise
 h - 2 scrolls of immolation
 k - 2 scrolls of fear
 n - a scroll of amnesia
 o - 2 scrolls of teleportation
 p - 3 scrolls of vulnerability
 w - 3 scrolls of poison
 I - a scroll of enchant weapon
Potions
 f - a potion of haste
 i - 2 potions of might
 j - 5 potions of curing
 m - a potion of attraction
 u - a potion of cancellation
 z - 2 potions of heal wounds
 A - 2 potions of resistance
 B - 2 potions of brilliance
 D - a potion of lignification
 H - 2 potions of flight
 K - 5 potions of invisibility
Miscellaneous
 b - a phial of floods


   Skills:
 * Level 5.4 Fighting
 * Level 4.2 Short Blades
 * Level 6.0 Dodging
 * Level 4.9 Stealth
 + Level 8.7 Spellcasting
 * Level 7.3 Conjurations
 * Level 3.2 Hexes
 * Level 8.9 Fire Magic
 * Level 2.4 Earth Magic
 + Level 4.1 Evocations


You had 4 spell levels left.
You knew the following spells:

 Your Spells              Type           Power      Damage    Failure   Level
a - Foxfire               Conj/Fire      100%       2x1d9     1%          1
b - Scorch                Fire           100%       2d9       1%          2
c - Searing Ray           Conj           100%       2d8       1%          2
d - Flame Wave            Conj/Fire      69%        2d16      1%          4
e - Dazzling Flash        Conj/Hex       100%       N/A       1%          3
f - Lee's Rapid Deconstr  Erth           18%        3d11*     14%         5
g - Starburst             Conj/Fire      34%        6d10      8%          6

Your spell library contained the following spells:

 Spells                   Type           Power      Damage    Failure   Level
 Inner Flame              Hex/Fire       59%        N/A       1%          3
 Volatile Blastmotes      Fire/Tloc      100%       2d18      1%          3
 Necrotise                Necr           68%        1d7       5%          1
 Summon Guardian Golem    Hex/Summ       29%        N/A       9%          3
 Vampiric Draining        Necr           17%        2d7       16%         3
 Fireball                 Conj/Fire      34%        3d14      1%          5
 Plasma Beam              Fire/Air       25%        2x1d41    32%         6
 Agony                    Necr           17%        N/A       82%         5


Dungeon Overview and Level Annotations

Branches:
Dungeon (11/15)            Temple (1/1) D:5            Lair (1/5) D:8
    Orc (0/2) D:10          IceCv (1/1)

Altars:
Ashenzari
Cheibriados
Dithmenos
Fedhas
Gozag
Hepliaklqana
Kikubaaqudgha
Makhleb
Nemelex Xobeh
Okawaru
Qazlal
Ru
Sif Muna
Trog
Uskayaw
Vehumet
Wu Jian
Xom
Yredelemnul

Shops:
D:2 !   D:3 [   D:5 [   D:6 :

Annotations:
D:4 Pikel


Innate Abilities, Weirdness & Mutations

You are partially covered in yellow scales. (AC +2)
You are partially covered in sharp spines.
A meltable shield of frost defends you. (SH +4)
Your touch may inflict irresistible damage on your foes.
You have large cloven feet.
You possess an exceptional clarity of mind.
You are strong-willed. (Will+)


Message History

Casting: Starburst (dangerous; 9% risk of failure)
Confirm with . or Enter, or press ? or * to list all spells.
Casting: Starburst (dangerous; 9% risk of failure)
Press: ? - help, Dir - look around, f - activate You feel a surge of power!
The bolt of fire hits the reaper!!
The reaper is heavily wounded.
The reaper completely misses you.
Casting: Starburst (dangerous; 9% risk of failure)
Confirm with . or Enter, or press ? or * to list all spells.
You don't have enough magic to cast this spell.
Magic courses through your body.
The reaper says, "Everyone has to die sometime, and your time is now."
The reaper closely misses you.
Casting: Starburst (dangerous; 9% risk of failure)
Confirm with . or Enter, or press ? or * to list all spells.
Casting: Starburst (dangerous; 9% risk of failure)
Press: ? - help, Dir - look around, f - activate You feel a surge of power!
The bolt of fire hits the reaper!!!
The reaper is almost dead.
The reaper hits you from afar with a +2 scythe of freezing!!
* * * LOW HITPOINT WARNING * * *
The reaper freezes you!
* * * LOW HITPOINT WARNING * * *
You feel much better. The reaper barely misses you.
Casting: Starburst (dangerous; 9% risk of failure)
Confirm with . or Enter, or press ? or * to list all spells.
Casting: Starburst (dangerous; 9% risk of failure)
Press: ? - help, Dir - look around, f - activate You feel a surge of power!
The bolt of fire hits the reaper!!
You kill the reaper!
Vehumet accepts your kill.
Your Dodging skill increases to level 6!
You see here a phial of floods.
b - a phial of floods You see here a +2 short sword of freezing.
N - a +2 short sword of freezing You are engulfed in freezing vapours.
* * * LOW HITPOINT WARNING * * *
You are engulfed in freezing vapours.
You die...

.## #..####.###
..####....#....##
##
#.##...##.○.....#
..#
##...#####☼§...##
.... #####
#.○.○☼..######....
##..§§.###$$#.....
#.#.#§#§§$$......
######§§.)$$...#
##@)[$$$$.#
##########


There were no monsters in sight!

Vanquished Creatures
  A reaper (IceCv)
  A boulder beetle (D:11)
  A two-headed ogre (D:11)
  Maurice (D:9)
  A gargoyle (D:11)
  3 ice devils
  An anaconda simulacrum (IceCv)
  2 trolls
  2 hornets (D:9)
  Grinder (D:5)
  17 yaks
  3 dire elephant simulacra (IceCv)
  2 shadows
  2 wyverns
  2 wraiths (D:11)
  3 basilisks
  Eustachio (D:5)
  A steam dragon (D:7)
  A harpy simulacrum (IceCv)
  A hydra simulacrum (IceCv)
  4 water moccasins
  3 orc warriors
  2 sky beasts
  2 black bears
  2 ogres (D:4)
  3 lemures (D:4)
  2 phantoms
  2 kobold brigands
  5 bullfrogs
  2 scorpions (D:4)
  A gnoll sergeant (D:10)
  4 cane toad simulacra (IceCv)
  7 two-headed ogre simulacra (IceCv)
  4 wights (D:10)
  2 elephant simulacra (IceCv)
  10 killer bees
  5 howler monkeys
  2 hounds
  A gnoll bouda (Lair:1)
  6 orc priests
  2 sleepcaps
  Jessica (D:2)
  5 iguanas
  11 orc wizards
  8 troll simulacra (IceCv)
  2 polar bear simulacra (IceCv)
  5 spriggan simulacra (IceCv)
  15 gnolls
  2 orc zombies (D:5)
  6 adders
  11 naga simulacra (IceCv)
  A shadow imp (D:7)
  4 white imps
  4 ufetubi (IceCv)
  5 worms
  3 dart slugs
  45 orcs
  7 endoplasms
  5 giant cockroaches
  6 goblins
  6 hobgoblins
  6 jackals
  4 quokkas
  9 ball pythons
  6 bats
  4 frilled lizards
  12 kobolds
  9 rats
320 creatures vanquished.

Vanquished Creatures (others)
  A sky beast (D:7)
  2 orc wizards
  738 foxfires
741 creatures vanquished.

Grand Total: 1061 creatures vanquished

Notes
Turn   | Place    | Note
-------+----------+-------------------------------------------
     0 | D:1      | gelatine the Demonspawn Fire Elementalist began the quest
                  | for the Orb.
     0 | D:1      | Reached XP level 1. HP: 13/13 MP: 3/3
   412 | D:1      | Gained mutation: You are partially covered in sharp spines.
                  | [demonic ancestry]
   412 | D:1      | Reached XP level 2. HP: 15/19 MP: 0/5
  1334 | D:2      | Reached XP level 3. HP: 24/24 MP: 0/6
  1531 | D:2      | Found a radiant altar of Vehumet.
  1548 | D:2      | Became a worshipper of Vehumet
  1682 | D:2      | Learned a level 2 spell: Scorch
  2137 | D:2      | Found Buwouxt's Distillery.
  2300 | D:2      | Noticed Jessica
  2311 | D:2      | Killed Jessica
  2312 | D:2      | Reached XP level 4. HP: 30/30 MP: 2/7
  2935 | D:3      | Found Fenguyrphut's Armour Shoppe.
  2959 | D:3      | Bought a +0 pair of boots for 58 gold pieces
  3209 | D:3      | Reached * piety under Vehumet
  3209 | D:3      | Offered knowledge of Magic Dart by Vehumet.
  3255 | D:3      | Reached XP level 5. HP: 35/35 MP: 6/9
  4025 | D:3      | Found a faded altar of an unknown god.
  4244 | D:4      | Noticed an ogre
  4247 | D:4      | Killed an ogre
  4375 | D:4      | Noticed a lemure
  4376 | D:4      | Noticed a lemure
  4376 | D:4      | Noticed a lemure
  4378 | D:4      | Noticed Pikel
  4407 | D:4      | Killed a lemure
  4413 | D:4      | Killed a lemure
  4416 | D:4      | Killed a lemure
  4493 | D:4      | Reached XP level 6. HP: 40/41 MP: 9/11
  4840 | D:4      | Reached skill level 1 in Short Blades
  4845 | D:4      | Offered knowledge of Searing Ray by Vehumet.
  4990 | D:4      | Reached ** piety under Vehumet
  5330 | D:4      | Found a shimmering blue altar of Sif Muna.
  5369 | D:4      | Gained mutation: You are partially covered in yellow
                  | scales. (AC +2) [demonic ancestry]
  5369 | D:4      | Reached XP level 7. HP: 21/47 MP: 9/13
  5714 | D:5      | Entered Level 5 of the Dungeon
  5766 | D:5      | Noticed Eustachio
  5768 | D:5      | Noticed Grinder
  5785 | D:5      | Killed Grinder
  5786 | D:5      | Reached skill level 5 in Spellcasting
  5786 | D:5      | Reached skill level 5 in Fire Magic
  5866 | D:5      | Killed Eustachio
  5867 | D:5      | Reached skill level 1 in Fighting
  5867 | D:5      | Gained mutation: Your touch may inflict minor irresistible
                  | damage on your foes. [demonic ancestry]
  5867 | D:5      | Reached XP level 8. HP: 45/54 MP: 11/16
  5905 | D:5      | Found a transporter.
  5916 | D:5      | Found a transporter.
  5929 | D:5      | HP: 2/54 [poison (poison gas)]
  6114 | D:5      | Found a staircase to the Ecumenical Temple.
  6139 | Temple   | Entered the Ecumenical Temple
  6415 | D:5      | Found Cuwkoast's Armour Shop.
  6794 | D:5      | Found an ancient bone altar of Kikubaaqudgha.
  6794 | D:5      | Found a sacrificial altar of Ru.
  6795 | D:5      | Found a basalt altar of Yredelemnul.
  7019 | D:6      | Found Alazets's Book Shoppe.
  7097 | D:7      | Gained mutation: You possess an exceptional clarity of
                  | mind. [potion of mutation]
  7097 | D:7      | Gained mutation: Your body sometimes deteriorates upon
                  | taking damage. [potion of mutation]
  7097 | D:7      | Gained mutation: You are frail. (-10% HP) [potion of
                  | mutation]
  7097 | D:7      | Gained mutation: You are strong-willed. (Will+) [potion of
                  | mutation]
  7098 | D:7      | Reached skill level 1 in Evocations
  7770 | D:6      | Learned a level 2 spell: Searing Ray
  7775 | D:6      | Learned a level 4 spell: Flame Wave
  7798 | D:6      | Offered knowledge of Stone Arrow by Vehumet.
  7804 | D:6      | Reached XP level 9. HP: 53/54 MP: 14/18
  7974 | D:6      | Reached *** piety under Vehumet
  8393 | D:7      | Lost mutation: Your body sometimes deteriorates upon taking
                  | damage. [potion of mutation]
  8393 | D:7      | Lost mutation: You are frail. (-10% HP) [potion of
                  | mutation]
  8393 | D:7      | Gained mutation: You have large cloven feet. [potion of
                  | mutation]
  8755 | D:7      | Identified the +2 pair of boots of the Spheres {rElec}
  9513 | D:8      | Found a staircase to the Lair.
  9526 | D:8      | Offered knowledge of Dazzling Flash by Vehumet.
  9527 | D:8      | Reached skill level 5 in Conjurations
  9538 | D:8      | Gained mutation: Your touch may inflict irresistible damage
                  | on your foes. [demonic ancestry]
  9538 | D:8      | Reached XP level 10. HP: 15/71 MP: 6/20
 10238 | D:9      | Learned a level 3 spell: Dazzling Flash
 10695 | D:9      | Identified the +12 dagger "Siyvis" {flame, Int+6}
 10703 | D:9      | Noticed Maurice
 10716 | D:9      | Killed Maurice
 10829 | D:9      | Reached skill level 5 in Dodging
 10836 | D:9      | Reached skill level 1 in Hexes
 11158 | D:10     | Entered Level 10 of the Dungeon
 11171 | D:10     | Reached **** piety under Vehumet
 11178 | D:10     | Offered knowledge of Lee's Rapid Deconstruction by Vehumet.
 11196 | D:10     | Learned a level 5 spell: Lee's Rapid Deconstruction
 11234 | D:10     | Found a staircase to the Orcish Mines.
 12102 | D:11     | Noticed a gargoyle
 12106 | D:11     | Killed a gargoyle
 12107 | D:11     | Reached skill level 1 in Earth Magic
 12168 | D:11     | Noticed a two-headed ogre
 12178 | D:11     | Killed a two-headed ogre
 12179 | D:11     | Gained mutation: A meltable shield of frost defends you.
                  | (SH +4) [demonic ancestry]
 12179 | D:11     | Reached XP level 11. HP: 78/78 MP: 15/22
 12234 | D:11     | Noticed a boulder beetle
 12265 | D:11     | Killed a boulder beetle
 12348 | D:11     | Reached skill level 5 in Fighting
 12352 | D:11     | Reached ***** piety under Vehumet
 12552 | D:11     | Offered knowledge of Starburst by Vehumet.
 12649 | D:11     | Learned a level 6 spell: Starburst
 13191 | Lair:1   | Entered Level 1 of the Lair of Beasts
 13270 | Lair:1   | Found a frozen archway.
 13285 | IceCv    | Entered an ice cave
 13399 | IceCv    | Got the Enchiridion on Allied Phlogiston
 14399 | IceCv    | Noticed a reaper
 14414 | IceCv    | HP: 2/80 [something (15)]
 14755 | IceCv    | Killed a reaper
 14760 | IceCv    | Engulfed by a cloud of freezing vapour

Illustrated notes

Levels and vault maps discovered:
D:1:      eino_arrival_cavern_c, layout_basic, grunt_decor_mini_mirrors
D:2:      layout_basic, basic_altar, serial_shops,
          nicolae_shop_just_a_little_nook, minmay_surrounded, uniq_jessica
D:3:      layout_basic, serial_shops, nicolae_shop_stone,
          hellmonk_ecumenical_altar_run_dry
D:4:      layout_basic, lemuel_blue_sif_altar, minmay_manual_mullet, uniq_pikel
D:5:      gammafunk_cloud_chamber, layout_basic, elyvilon_altar_1,
          gammafunk_temple_overflow_claw, minmay_temple_entry_tees,
          serial_shops, shop, uniq_grinder, uniq_eustachio
D:6:      layout_basic, serial_shops, nicolae_shop_hallway_plus
D:7:      layout_loops_ring, kennysheep_dice
D:8:      layout_gridville, minmay_lair_entry_grove
D:9:      layout_roguey, uniq_maurice
D:10:     layout_long_grid, hiddenorc1_lemuel
D:11:     layout_basic
Temple:   bh_familiar_temple
Lair:1:   layout_gridlike, portal_ice_cave_demonic_guard,
          dreamdust_gnoll_shepherd
IceCv:    ice_cave_caverns_02

Skill      XL: |  1  2  3  4  5  6  7  8  9 10 11 |
---------------+----------------------------------+-----
Fire Magic     | 3 4 5 6 7 8 |  8.9
Stealth        | 2 3 4 |  4.9
Conjurations   | 2 3 4 5 6 7 |  7.3
Spellcasting   | 3 4 5 6 7 8 |  8.7
Dodging        | 2 3 4 5 6 |  6.0
Short Blades   | 1 2 3 4 |  4.2
Fighting       | 1 2 3 4 5 |  5.4
Evocations     | 2 3 4 |  4.1
Hexes          | 2 3 |  3.2
Earth Magic    | 1 2 |  2.4

Action                     |  1- 3 |  4- 6 |  7- 9 | 10-12 || total
---------------------------+-------+-------+-------+-------++-------
  Melee: Unarmed           |    15 |       |       |       ||    15
         Dagger            |     3 |     9 |       |    70 ||    82
         Rapier            |       |    57 |    64 |    16 ||   137
         Touch             |       |       |    18 |    19 ||    37
   Cast: Foxfire           |    97 |   130 |    65 |   162 ||   454
         Scorch            |       |    24 |    41 |    71 ||   136
         Searing Ray       |       |       |     9 |     8 ||    17
         Flame Wave        |       |       |     2 |    10 ||    12
         Dazzling Flash    |       |       |       |     9 ||     9
         Starburst         |       |       |       |     6 ||     6
         Lee's Rapid Decon |       |       |       |     2 ||     2
  Evoke: Wand              |       |       |       |     2 ||     2
    Use: Scroll            |       |       |    12 |     9 ||    21
         Potion            |       |       |    10 |     3 ||    13
   Stab: Sleeping          |       |       |     3 |     1 ||     4
 Armour: Robe              |     1 |    14 |    29 |    63 ||   107
         Skin              |       |       |    22 |       ||    22
  Dodge: Dodged            |    18 |    49 |    57 |    77 ||   201
  Block: Other             |       |       |       |     7 ||     7
